Coyotes vs Oilers

Created - 26 mars 2016 at 19:55

Goals
1 2 3 T
Coyotes 2 0 2 4
Oilers 2 2 2 6
Shots
1 2 3 T
Coyotes 11 12 12 35
Oilers 14 5 10 29

1st period

1. Oilers , Jonathan Toews 22 (Danny Richmond, Ilya Kovalchuk) at 1:24
2. Oilers , Ilya Kovalchuk 34 (Patrick Kane, Jonathan Toews) at 9:24 (PP)
3. Coyotes , Erik Cole 8 (Kyle Okposo) at 17:45
4. Coyotes , Wade Redden 7 (Marian Gaborik, Josh Gorges) at 19:22

Penalties :
Anton Stralman (Ari) for Hooking (Minor) at 8:23

2nd period

5. Oilers , Stephane Robidas 10 (Ian White) at 10:39 (PP)
6. Oilers , Peter Regin 11 (Danny Richmond, Oleg Saprykin) at 11:17

Penalties :
Oleg Saprykin (Edm) for Hooking (Minor) at 0:59, Marian Gaborik (Ari) for Hooking (Minor) at 9:48, Eric Brewer (Ari) for Holding (Minor) at 13:45, Jonathan Toews (Edm) for Tripping (Minor) at 17:24

3rd period

7. Coyotes , Chad Larose 10 (Anton Stralman) at 1:00
8. Coyotes , Josh Gorges 6 (Marian Gaborik, Tim Connolly) at 9:51 (PP)
9. Oilers , Paul Stastny 23 (Patrick Kane) at 16:33
10. Oilers , Patrick Kane 39 (Ilya Kovalchuk, Danny Richmond) at 19:36 (Empty Net)

Penalties :
Sebastien Caron (Edm) for Slashing (Minor) at 1:14 - Ilya Kovalchuk served the penalty, Tim Connolly (Ari) for Interference (Minor) at 1:37, Anton Stralman (Ari) for Hooking (Minor) at 4:02, Steve Begin (Edm) for Interference (Minor) at 9:41, Tomas Fleischmann (Edm) for High sticking (Minor) at 15:27, Eric Brewer (Ari) for Hooking (Minor) at 16:28

Goalie Stats

Marc Denis (Ari), 10 saves from 11 shots - (0,909), L, 2-4-0, 28:04 minutes
Ryan Miller (Ari), 13 saves from 17 shots - (0,765), 31:17 minutes
Sebastien Caron (Edm), 31 saves from 35 shots - (0,886), W, 2-6-1, 60:00 minutes

Players Stats for Coyotes

Player Name              G  A  P  +/- PIM S  H  SB GA TA FO     MP     PP MP  PK MP  
------------------------------------------------------------------------------------
Anton Stralman           0  1  1   0  4   1  0  0  0  1  0/0    21:15   1:50   1:55 
Chad Larose              1  0  1   1  0   2  0  0  0  0  0/0    14:14   0:00   4:36 
Chris Neil               0  0  0   0  0   0  0  0  0  0  0/0     7:45   0:00   0:00 
Éric Belanger            0  0  0   0  0   1  0  1  0  0  1/2    10:08   0:15   1:34 
Eric Brewer              0  0  0   1  4   2  0  0  0  0  0/0    19:22   1:49   0:54 
Erik Christensen         0  0  0   1  0   2  2  1  1  0  2/13   14:14   0:00   4:36 
Erik Cole                1  0  1   0  0   3  7  0  0  0  0/1    15:58   2:17   2:14 
Jan Hlavac               0  0  0   0  0   1  0  0  0  0  0/0     9:11   0:00   0:59 
Josh Gorges              1  1  2  -1  0   2  1  4  0  1  0/0    27:11   3:42   4:25 
Kyle Okposo              0  1  1   0  0   0  3  0  0  0  0/0    14:05   2:17   0:00 
Marian Gaborik           0  2  2  -2  2   4  2  0  1  0  2/3    20:55   3:15   0:05 
Matt Taormina            0  0  0   0  0   1  1  1  0  0  0/0    10:17   0:00   0:00 
Nazem Kadri              0  0  0   0  0   5  2  0  0  0  1/6    14:10   2:17   0:05 
Sergei Samsonov          0  0  0   1  0   0  0  0  0  0  1/3    10:50   0:15   0:19 
T.J. Fast                0  0  0  -1  0   0  0  1  0  1  0/0    15:05   0:00   2:49 
Tim Connolly             0  1  1  -2  2   3  2  1  0  1  19/26  19:27   2:59   0:00 
Tyler Ennis              0  0  0  -1  0   1  4  0  1  0  0/1    18:48   3:00   0:00 
Wade Redden              1  0  1  -1  0   7  1  3  1  2  0/0    27:11   3:42   4:25 

Players Stats for Oilers

Player Name              G  A  P  +/- PIM S  H  SB GA TA FO     MP     PP MP  PK MP  
------------------------------------------------------------------------------------
Brian Sutherby           0  0  0   0  0   1  0  1  0  0  2/5    10:34   0:00   2:08 
Danny Richmond           0  3  3   3  0   1  3  1  0  0  0/0    23:29   3:24   2:42 
David Hale               0  0  0   0  0   0  1  2  0  2  0/0    20:20   0:58   2:50 
Ian White                0  1  1   0  0   0  0  0  1  0  0/0    25:04   3:50   2:50 
Ilya Kovalchuk           1  2  3   1  0   8  1  1  0  2  1/2    20:51   4:32   2:44 
Jonathan Toews           1  1  2   1  2   4  0  1  2  0  13/27  19:01   4:09   0:34 
Kurt Sauer               0  0  0   3  0   1  0  1  0  0  0/0    20:24   0:08   2:42 
Oleg Saprykin            0  1  1   0  2   1  1  0  0  0  0/0    13:04   0:00   1:25 
Patrick Kaleta           0  0  0   0  0   2  0  0  0  0  0/1    16:11   2:25   1:01 
Patrick Kane             1  2  3   1  0   6  2  0  1  0  1/1    19:19   4:49   0:00 
Paul Stastny             1  0  1   0  0   1  2  0  0  0  9/11   16:21   2:56   0:00 
Peter Regin              1  0  1   0  0   1  1  0  0  0  2/7    13:41   0:00   2:39 
Stephane Robidas         1  0  1  -2  0   2  1  0  1  0  0/0    15:39   3:27   0:00 
Steve Begin              0  0  0   0  2   0  3  0  0  0  0/0     8:36   0:00   0:33 
Ted Purcell              0  0  0   0  0   1  1  0  0  0  0/0    11:11   0:09   0:00 
Tomas Fleischmann        0  0  0  -1  2   0  2  0  1  0  1/1    14:39   2:33   0:00 
Wayne Simmonds           0  0  0   0  0   0  2  0  0  0  0/0     8:22   0:09   0:00 
Zach Bogosian            0  0  0  -2  0   0  0  0  0  0  0/0    15:04   2:41   0:00 

3 Stars

1 - Danny Richmond (Edm)
2 - Patrick Kane (Edm)
3 - Ilya Kovalchuk (Edm)

Power Play

Coyotes - 1 on 5 Attempt(s) - 20,00%
Oilers - 2 on 6 Attempt(s) - 33,33%

Penalty Kill

Coyotes - 4 on 6 Attempt(s) - 66,67% - Score 0 goal in Penalty Kill
Oilers - 4 on 5 Attempt(s) - 80,00% - Score 0 goal in Penalty Kill

Team Stat

Coyotes - Hits : 25 - Faceoff Wins : 26 - Blocked Shots : 12 - Penalty Minutes : 12
Oilers - Hits : 20 - Faceoff Wins : 29 - Blocked Shots : 7 - Penalty Minutes : 8

Official

Referees : Dwyer Gord and Martell Rob
Linesman : Bryan Pancich and Jay Sharrers

Game Notes

Marc Denis enters game at 11:17 of 2nd period
15:38 of 3rd period - Coyotes goal is going for a video replay. After video review, No Goal. The puck has been kicked using a distinct kicking motion.
Patrick Kane has scored in a empty net!

Finance

Level 1 -- Attendance: 6000 (100,00%) -- Ticket Income 516 000 $
Level 2 -- Attendance: 5000 (100,00%) -- Ticket Income 260 000 $
Level 3 -- Attendance: 2000 (100,00%) -- Ticket Income 64 000 $
Level 4 -- Attendance: 4000 (100,00%) -- Ticket Income 88 000 $
Luxury Box -- Attendance: 809 (80,90%) -- Ticket Income 135 912 $
Game was played at the Rexall Place.
Total Attendance: 17809 (98,94%)
Total Ticket Income: 1 063 912 $
Other Income: 159 587 $
Total Income: 1 223 499 $

Coyotes

5 vs 5 Forward 
   Center                   Left Wing                Right Wing               Time % Phy DF OF 
 1 Tim Connolly             Tyler Ennis              Marian Gaborik           40     1   1  3  
 2 Nazem Kadri              Erik Cole                Kyle Okposo              30     1   1  3  
 3 Erik Christensen         Sergei Samsonov          Chad Larose              20     1   2  2  
 4 Éric Belanger            Jan Hlavac               Chris Neil               10     1   2  2  

5 vs 5 Defense 
   Defense                  Defense                                           Time % Phy DF OF 
 1 Wade Redden              Josh Gorges                                       43     1   2  2  
 2 Eric Brewer              Anton Stralman                                    33     1   2  2  
 3 T.J. Fast                Matt Taormina                                     23     1   2  2  
 4 Wade Redden              Eric Brewer                                       1      1   2  2  

PowerPlay Forward 
   Center                   Left Wing                Right Wing               Time % Phy DF OF 
 1 Tim Connolly             Tyler Ennis              Marian Gaborik           60     0   0  5  
 2 Nazem Kadri              Erik Cole                Kyle Okposo              40     0   0  5  

PowerPlay Defense
   Defense                  Defense                                           Time % Phy DF OF 
 1 Wade Redden              Josh Gorges                                       60     0   0  5  
 2 Eric Brewer              Anton Stralman                                    40     0   0  5  

Penalty Kill 4 Players Forward 
   Center                   Wing                     Time % Phy DF OF 
 1 Erik Christensen         Chad Larose              60     1   4  0  
 2 Éric Belanger            Erik Cole                40     1   4  0  

Penalty Kill 4 Players Defense
   Defense                  Defense                  Time % Phy DF OF 
 1 Wade Redden              Josh Gorges              60     1   4  0  
 2 T.J. Fast                Anton Stralman           40     1   4  0  

Penalty Kill - 3 Players Forward 
   Forward                                           Time % Phy DF OF 
 1 Marian Gaborik                                    60     1   2  2  
 2 Tim Connolly                                      40     1   2  2  

Penalty Kill - 3 Players Defense
   Defense                  Defense                  Time % Phy DF OF 
 1 Wade Redden              Josh Gorges              60     1   2  2  
 2 T.J. Fast                Anton Stralman           40     1   2  2  

4 vs 4 Forward 
   Center                   Wing                     Time % Phy DF OF 
 1 Tim Connolly             Marian Gaborik           60     1   2  2  
 2 Nazem Kadri              Kyle Okposo              40     1   2  2  

4 vs 4 Defense
   Defense                  Defense                  Time % Phy DF OF 
 1 Wade Redden              Josh Gorges              60     1   2  2  
 2 Eric Brewer              Anton Stralman           40     1   2  2  

Last Minutes Offensive
   Center                   Left Wing                Right Wing               Defense                  Defense                  
   Tim Connolly             Tyler Ennis              Marian Gaborik           Wade Redden              Eric Brewer              

Last Minutes Defensive
   Center                   Left Wing                Right Wing               Defense                  Defense                  
   Éric Belanger            Erik Cole                Chad Larose              Anton Stralman           Josh Gorges              

Goaltenders
Starting : Ryan Miller              
Backup : Marc Denis               

Extra Forwards
Normal : Sergei Samsonov, Éric Belanger, Jan Hlavac - PP : Sergei Samsonov, Éric Belanger - PK : Jan Hlavac
Extra Defensemen
Normal : T.J. Fast, Matt Taormina, Wade Redden - PP : T.J. Fast - PK : Josh Gorges, Anton Stralman
Penalty Shots
Marian Gaborik, Tim Connolly, Chad Larose, Erik Cole, Tyler Ennis

Oilers

5 vs 5 Forward 
   Center                   Left Wing                Right Wing               Time % Phy DF OF 
 1 Jonathan Toews           Ilya Kovalchuk           Patrick Kaleta           38     1   2  2  
 2 Paul Stastny             Tomas Fleischmann        Patrick Kane             37     1   2  2  
 3 Peter Regin              Oleg Saprykin            Ted Purcell              15     1   2  2  
 4 Brian Sutherby           Steve Begin              Wayne Simmonds           10     1   2  2  

5 vs 5 Defense 
   Defense                  Defense                                           Time % Phy DF OF 
 1 Danny Richmond           Kurt Sauer                                        35     1   2  2  
 2 Ian White                David Hale                                        34     1   2  2  
 3 Stephane Robidas         Zach Bogosian                                     26     1   2  2  
 4 Ian White                Zach Bogosian                                     5      1   2  2  

PowerPlay Forward 
   Center                   Left Wing                Right Wing               Time % Phy DF OF 
 1 Jonathan Toews           Ilya Kovalchuk           Patrick Kane             65     0   2  3  
 2 Paul Stastny             Tomas Fleischmann        Patrick Kaleta           35     0   2  3  

PowerPlay Defense
   Defense                  Defense                                           Time % Phy DF OF 
 1 Ian White                Stephane Robidas                                  50     1   2  2  
 2 Danny Richmond           Zach Bogosian                                     50     1   2  2  

Penalty Kill 4 Players Forward 
   Center                   Wing                     Time % Phy DF OF 
 1 Peter Regin              Ilya Kovalchuk           50     1   3  1  
 2 Brian Sutherby           Oleg Saprykin            50     1   3  1  

Penalty Kill 4 Players Defense
   Defense                  Defense                  Time % Phy DF OF 
 1 Ian White                David Hale               50     1   3  1  
 2 Danny Richmond           Kurt Sauer               50     1   3  1  

Penalty Kill - 3 Players Forward 
   Forward                                           Time % Phy DF OF 
 1 Ilya Kovalchuk                                    50     1   4  0  
 2 Jonathan Toews                                    50     1   4  0  

Penalty Kill - 3 Players Defense
   Defense                  Defense                  Time % Phy DF OF 
 1 Ian White                David Hale               50     1   4  0  
 2 Danny Richmond           Kurt Sauer               50     1   4  0  

4 vs 4 Forward 
   Center                   Wing                     Time % Phy DF OF 
 1 Paul Stastny             Patrick Kane             50     1   2  2  
 2 Jonathan Toews           Ilya Kovalchuk           50     1   2  2  

4 vs 4 Defense
   Defense                  Defense                  Time % Phy DF OF 
 1 Ian White                David Hale               50     1   2  2  
 2 Danny Richmond           Kurt Sauer               50     1   2  2  

Last Minutes Offensive
   Center                   Left Wing                Right Wing               Defense                  Defense                  
   Jonathan Toews           Ilya Kovalchuk           Patrick Kane             Danny Richmond           Ian White                

Last Minutes Defensive
   Center                   Left Wing                Right Wing               Defense                  Defense                  
   Jonathan Toews           Ilya Kovalchuk           Patrick Kane             Danny Richmond           Ian White                

Goaltenders
Starting : Sebastien Caron          
Backup : Cam Ward                 

Extra Forwards
Normal : Ilya Kovalchuk, Patrick Kane, Jonathan Toews - PP : Ted Purcell, Wayne Simmonds - PK : Patrick Kaleta
Extra Defensemen
Normal : Zach Bogosian, Stephane Robidas, Ian White - PP : David Hale - PK : Stephane Robidas, Zach Bogosian
Penalty Shots
Patrick Kane, Ilya Kovalchuk, Jonathan Toews, Paul Stastny, Tomas Fleischmann

% Time on Ice - Coyotes

Lines # - Real PCT - Wanted PCT - Time Play
Normal Forward
1 - 35% - 40% - 15:31
2 - 26% - 30% - 11:27
3 - 21% - 20% - 9:10
4 - 18% - 10% - 7:45
Normal Defense
1 - 40% - 43% - 17:27
2 - 37% - 33% - 16:09
3 - 23% - 23% - 10:17
4 - 0% - 1% - 0:00
PP Forward
1 - 59% - 60% - 3:15
2 - 41% - 40% - 2:17
PP Defense
1 - 67% - 60% - 3:42
2 - 33% - 40% - 1:50
PK Forward
1 - 79% - 60% - 5:45
2 - 21% - 40% - 1:29
PK Defense
1 - 61% - 60% - 4:25
2 - 39% - 40% - 2:49
PK3 Forward
1 - 0% - 60%
2 - 0% - 40%
PK3 Defense
1 - 0% - 60%
2 - 0% - 40%
44 Forward
1 - 86% - 60% - 2:13
2 - 14% - 40% - 0:21
44 Defense
1 - 63% - 60% - 1:37
2 - 37% - 40% - 0:57
Last Minute Offensive  - 0:47
Last Minute Defensive  - 0:00
Total
Forward - 60:00
Defense - 60:00

% Time on Ice - Oilers

Lines # - Real PCT - Wanted PCT - Time Play
Normal Forward
1 - 29% - 38% - 12:40
2 - 28% - 37% - 12:07
3 - 25% - 15% - 11:00
4 - 18% - 10% - 8:03
Normal Defense
1 - 37% - 35% - 16:22
2 - 35% - 34% - 15:27
3 - 25% - 26% - 10:46
4 - 3% - 5% - 1:15
PP Forward
1 - 67% - 65% - 4:49
2 - 33% - 35% - 2:25
PP Defense
1 - 53% - 50% - 3:50
2 - 47% - 50% - 3:24
PK Forward
1 - 51% - 50% - 2:50
2 - 49% - 50% - 2:42
PK Defense
1 - 51% - 50% - 2:50
2 - 49% - 50% - 2:42
PK3 Forward
1 - 0% - 50%
2 - 0% - 50%
PK3 Defense
1 - 0% - 50%
2 - 0% - 50%
44 Forward
1 - 52% - 50% - 1:20
2 - 48% - 50% - 1:14
44 Defense
1 - 55% - 50% - 1:25
2 - 45% - 50% - 1:09
Last Minute Offensive  - 0:00
Last Minute Defensive  - 0:50
Total
Forward - 60:00
Defense - 60:00

Play by Play

1st period


0:01 of 1st period - Tim Connolly wins face-off versus Jonathan Toews in neutral zone.
0:08 of 1st period - Backhand shot by Tim Connolly.
0:08 of 1st period - Stopped by Sebastien Caron without a rebound.
0:09 of 1st period - Tim Connolly wins face-off versus Jonathan Toews in Oilers zone.
0:16 of 1st period - Snap shot by Marian Gaborik.
0:16 of 1st period - Stopped by Sebastien Caron with a rebound.
0:50 of 1st period - Wrist shot by Ilya Kovalchuk.
0:50 of 1st period - Shot Blocked by Wade Redden.
0:52 of 1st period - Snap shot by Danny Richmond.
0:52 of 1st period - Shot Blocked by Tim Connolly.
0:54 of 1st period - Wrist shot by Patrick Kaleta.
0:54 of 1st period - Stopped by Ryan Miller with a rebound.
0:56 of 1st period - Wrist shot by Ilya Kovalchuk.
0:56 of 1st period - Stopped by Ryan Miller with a rebound.
0:58 of 1st period - Slapshot by Kurt Sauer.
0:58 of 1st period - Stopped by Ryan Miller with a rebound.
1:20 of 1st period - Snap shot by Jonathan Toews.
1:20 of 1st period - Shot Blocked by Josh Gorges.
1:22 of 1st period - Slapshot by Danny Richmond.
1:22 of 1st period - Deflect By Jonathan Toews.
1:22 of 1st period - Stopped by Ryan Miller with a rebound.
1:24 of 1st period - Slapshot by Jonathan Toews.
1:24 of 1st period - Goal by Jonathan Toews - Coyotes : 0 - Oilers : 1.
1:25 of 1st period - Paul Stastny wins face-off versus Erik Cole in neutral zone.
2:19 of 1st period - Snap shot by Ian White.
2:19 of 1st period - Shot Blocked by Éric Belanger.
2:43 of 1st period - Snap shot by Patrick Kane.
2:43 of 1st period - Stopped by Ryan Miller without a rebound.
2:44 of 1st period - Paul Stastny wins face-off versus Erik Christensen in Coyotes zone.
2:45 of 1st period - Wrist shot by Patrick Kane.
2:45 of 1st period - Stopped by Ryan Miller with a rebound.
3:09 of 1st period - Zach Bogosian is hit by Nazem Kadri.
4:38 of 1st period - Ted Purcell is hit by Erik Cole.
6:43 of 1st period - Wade Redden is hit by Tomas Fleischmann and loses puck.
6:58 of 1st period - Snap shot by Jan Hlavac.
6:58 of 1st period - Stopped by Sebastien Caron without a rebound.
6:59 of 1st period - Jonathan Toews wins face-off versus Nazem Kadri in Oilers zone.
6:59 of 1st period - Jonathan Toews is hit by Nazem Kadri.
7:38 of 1st period - Slapshot by Danny Richmond.
7:38 of 1st period - Stopped by Ryan Miller with a rebound.
8:23 of 1st period - Minor Penalty to Anton Stralman for Hooking.
8:24 of 1st period - Jonathan Toews wins face-off versus Erik Christensen in Coyotes zone.
8:31 of 1st period - Wrist shot by Erik Christensen.
8:31 of 1st period - Stopped by Sebastien Caron without a rebound.
8:32 of 1st period - Jonathan Toews wins face-off versus Erik Christensen in Oilers zone.
9:24 of 1st period - Snap shot by Patrick Kane.
9:24 of 1st period - Deflect By Ilya Kovalchuk.
9:24 of 1st period - Goal by Ilya Kovalchuk - Coyotes : 0 - Oilers : 2.
9:25 of 1st period - Tim Connolly wins face-off versus Brian Sutherby in neutral zone.
10:17 of 1st period - Jan Hlavac is hit by Patrick Kane and loses puck.
10:40 of 1st period - Slapshot by Wade Redden.
10:40 of 1st period - Stopped by Sebastien Caron with a rebound.
10:48 of 1st period - Slapshot by Wade Redden.
10:48 of 1st period - Stopped by Sebastien Caron with a rebound.
10:50 of 1st period - Snap shot by Jan Hlavac.
10:50 of 1st period - Shot Blocked by Brian Sutherby.
10:52 of 1st period - Slapshot by Wade Redden.
10:52 of 1st period - Shot Misses the Net.
10:54 of 1st period - Slapshot by Wade Redden.
10:54 of 1st period - Stopped by Sebastien Caron without a rebound.
10:55 of 1st period - Brian Sutherby wins face-off versus Tim Connolly in Oilers zone.
11:30 of 1st period - Slapshot by Patrick Kane.
11:30 of 1st period - Stopped by Ryan Miller with a rebound.
11:50 of 1st period - Off-side.
11:51 of 1st period - Jonathan Toews wins face-off versus Erik Christensen in neutral zone.
12:06 of 1st period - Slapshot by Ilya Kovalchuk.
12:06 of 1st period - Stopped by Ryan Miller without a rebound.
12:07 of 1st period - Tomas Fleischmann wins face-off versus Tyler Ennis in Coyotes zone.
12:10 of 1st period - Slapshot by Paul Stastny.
12:10 of 1st period - Shot Blocked by Josh Gorges.
12:34 of 1st period - Ian White is hit by Kyle Okposo and loses puck.
13:38 of 1st period - Kurt Sauer is hit by Tim Connolly and loses puck.
13:47 of 1st period - Wrist shot by Marian Gaborik.
13:47 of 1st period - Shot Misses the Net.
13:49 of 1st period - Wrist shot by Marian Gaborik.
13:49 of 1st period - Shot Misses the Net.
14:03 of 1st period - Wrist shot by Jonathan Toews.
14:03 of 1st period - Stopped by Ryan Miller with a rebound.
14:05 of 1st period - Wrist shot by Ilya Kovalchuk.
14:05 of 1st period - Stopped by Ryan Miller without a rebound.
14:06 of 1st period - Tim Connolly wins face-off versus Jonathan Toews in Coyotes zone.
14:21 of 1st period - Slapshot by Ilya Kovalchuk.
14:21 of 1st period - Shot Blocked by Matt Taormina.
15:17 of 1st period - Slapshot by Eric Brewer.
15:17 of 1st period - Stopped by Sebastien Caron with a rebound.
15:19 of 1st period - Slapshot by Anton Stralman.
15:19 of 1st period - Shot Blocked by David Hale.
15:33 of 1st period - Wrist shot by Marian Gaborik.
15:33 of 1st period - Shot Misses the Net.
15:35 of 1st period - Slapshot by Anton Stralman.
15:35 of 1st period - Stopped by Sebastien Caron without a rebound.
15:36 of 1st period - Brian Sutherby wins face-off versus Tim Connolly in Oilers zone.
16:01 of 1st period - Steve Begin is hit by Marian Gaborik and loses puck.
16:14 of 1st period - Slapshot by Stephane Robidas.
16:14 of 1st period - Shot Misses the Net.
16:16 of 1st period - Wrist shot by Steve Begin.
16:16 of 1st period - Shot Misses the Net.
16:29 of 1st period - Slapshot by Zach Bogosian.
16:29 of 1st period - Shot Blocked by Wade Redden.
16:31 of 1st period - Snap shot by Zach Bogosian.
16:31 of 1st period - Deflect By Steve Begin.
16:31 of 1st period - Shot Misses the Net.
16:31 of 1st period - Puck is out of play.
16:32 of 1st period - Paul Stastny wins face-off versus Nazem Kadri in Coyotes zone.
17:06 of 1st period - Snap shot by Ilya Kovalchuk.
17:06 of 1st period - Stopped by Ryan Miller with a rebound.
17:22 of 1st period - Kurt Sauer is hit by Matt Taormina.
17:45 of 1st period - Snap shot by Erik Cole.
17:45 of 1st period - Goal by Erik Cole - Coyotes : 1 - Oilers : 2.
17:46 of 1st period - Tim Connolly wins face-off versus Jonathan Toews in neutral zone.
17:49 of 1st period - Ian White is hit by Tim Connolly and loses puck.
18:13 of 1st period - Tomas Fleischmann is hit by Erik Cole and loses puck.
18:24 of 1st period - Snap shot by Patrick Kane.
18:24 of 1st period - Shot Blocked by Wade Redden.
19:20 of 1st period - Snap shot by Marian Gaborik.
19:20 of 1st period - Shot Misses the Net.
19:22 of 1st period - Slapshot by Wade Redden.
19:22 of 1st period - Goal by Wade Redden - Coyotes : 2 - Oilers : 2.
19:23 of 1st period - Tim Connolly wins face-off versus Paul Stastny in neutral zone.
19:50 of 1st period - Anton Stralman is hit by Ted Purcell.
19:58 of 1st period - Tim Connolly is hit by Peter Regin.
Goals for this period are 2 for Coyotes vs 2 for Oilers.
Shots for this period are 11 for Coyotes vs 14 for Oilers.

2nd period


0:01 of 2nd period - Tim Connolly wins face-off versus Jonathan Toews in neutral zone.
0:26 of 2nd period - Tomas Fleischmann is hit by Kyle Okposo and loses puck.
0:46 of 2nd period - Off-side.
0:47 of 2nd period - Erik Christensen wins face-off versus Peter Regin in neutral zone.
0:49 of 2nd period - Wade Redden is hit by Danny Richmond and loses puck.
0:59 of 2nd period - Minor Penalty to Oleg Saprykin for Hooking.
1:00 of 2nd period - Tim Connolly wins face-off versus Ilya Kovalchuk in Oilers zone.
1:32 of 2nd period - Snap shot by Erik Cole.
1:32 of 2nd period - Stopped by Sebastien Caron with a rebound.
2:37 of 2nd period - Erik Cole is hit by Danny Richmond and loses puck.
2:55 of 2nd period - Kurt Sauer is hit by Wade Redden and loses puck.
2:59 of 2nd period - Penalty to Oleg Saprykin is over, Oleg Saprykin is back on ice.
3:00 of 2nd period - Snap shot by Nazem Kadri.
3:00 of 2nd period - Stopped by Sebastien Caron without a rebound.
3:01 of 2nd period - Paul Stastny wins face-off versus Erik Christensen in Oilers zone.
3:06 of 2nd period - Erik Christensen is hit by Tomas Fleischmann and loses puck.
4:31 of 2nd period - Backhand shot by Eric Brewer.
4:31 of 2nd period - Shot Blocked by David Hale.
4:51 of 2nd period - Wrist shot by Nazem Kadri.
4:51 of 2nd period - Stopped by Sebastien Caron with a rebound.
4:53 of 2nd period - Snap shot by Kyle Okposo.
4:53 of 2nd period - Shot Misses the Net.
5:31 of 2nd period - Wrist shot by Tim Connolly.
5:31 of 2nd period - Stopped by Sebastien Caron without a rebound.
5:32 of 2nd period - Jonathan Toews wins face-off versus Nazem Kadri in Oilers zone.
5:45 of 2nd period - Snap shot by Jonathan Toews.
5:45 of 2nd period - Shot Blocked by T.J. Fast.
6:08 of 2nd period - Slapshot by Marian Gaborik.
6:08 of 2nd period - Shot Misses the Net.
6:24 of 2nd period - Oleg Saprykin is hit by Erik Christensen and loses puck.
6:49 of 2nd period - Kyle Okposo is hit by Steve Begin and loses puck.
6:59 of 2nd period - Icing by Zach Bogosian.
7:00 of 2nd period - Éric Belanger wins face-off versus Jonathan Toews in Oilers zone.
7:27 of 2nd period - Kurt Sauer is hit by Tyler Ennis and loses puck.
7:46 of 2nd period - Nazem Kadri is hit by Danny Richmond and loses puck.
8:36 of 2nd period - Tim Connolly is hit by Wayne Simmonds and loses puck.
8:55 of 2nd period - Slapshot by Nazem Kadri.
8:55 of 2nd period - Stopped by Sebastien Caron with a rebound.
9:48 of 2nd period - Minor Penalty to Marian Gaborik for Hooking.
9:49 of 2nd period - Jonathan Toews wins face-off versus Erik Christensen in Coyotes zone.
10:04 of 2nd period - Anton Stralman is hit by David Hale and loses puck.
10:23 of 2nd period - Snap shot by Patrick Kaleta.
10:23 of 2nd period - Stopped by Ryan Miller without a rebound.
10:24 of 2nd period - Paul Stastny wins face-off versus Éric Belanger in Coyotes zone.
10:39 of 2nd period - Slapshot by Stephane Robidas.
10:39 of 2nd period - Goal by Stephane Robidas - Coyotes : 2 - Oilers : 3.
10:40 of 2nd period - Tim Connolly wins face-off versus Jonathan Toews in neutral zone.
11:17 of 2nd period - Slapshot by Peter Regin.
11:17 of 2nd period - Goal by Peter Regin - Coyotes : 2 - Oilers : 4.
11:17 of 2nd period - Marc Denis enters game.
11:18 of 2nd period - Jonathan Toews wins face-off versus Tim Connolly in neutral zone.
11:29 of 2nd period - Wade Redden is hit by Ilya Kovalchuk and loses puck.
11:44 of 2nd period - Danny Richmond is hit by Erik Cole and loses puck.
11:51 of 2nd period - Snap shot by Nazem Kadri.
11:51 of 2nd period - Shot Misses the Net.
11:53 of 2nd period - Slapshot by Wade Redden.
11:53 of 2nd period - Shot Blocked by Danny Richmond.
11:55 of 2nd period - Snap shot by Erik Cole.
11:55 of 2nd period - Stopped by Sebastien Caron without a rebound.
11:56 of 2nd period - Jonathan Toews wins face-off versus Erik Christensen in Oilers zone.
12:10 of 2nd period - Snap shot by Sergei Samsonov.
12:10 of 2nd period - Shot Blocked by Ilya Kovalchuk.
12:12 of 2nd period - Slapshot by Chad Larose.
12:12 of 2nd period - Stopped by Sebastien Caron with a rebound.
12:45 of 2nd period - Peter Regin is hit by Erik Cole and loses puck.
13:11 of 2nd period - Wrist shot by Erik Christensen.
13:11 of 2nd period - Shot Blocked by Kurt Sauer.
13:13 of 2nd period - Wrist shot by Matt Taormina.
13:13 of 2nd period - Stopped by Sebastien Caron without a rebound.
13:14 of 2nd period - Tim Connolly wins face-off versus Jonathan Toews in Oilers zone.
13:21 of 2nd period - Backhand shot by Tyler Ennis.
13:21 of 2nd period - Shot Blocked by Jonathan Toews.
13:23 of 2nd period - Wrist shot by Tim Connolly.
13:23 of 2nd period - Shot Misses the Net.
13:25 of 2nd period - Snap shot by Tim Connolly.
13:25 of 2nd period - Stopped by Sebastien Caron with a rebound.
13:29 of 2nd period - Wrist shot by Tyler Ennis.
13:29 of 2nd period - Stopped by Sebastien Caron without a rebound.
13:30 of 2nd period - Paul Stastny wins face-off versus Nazem Kadri in Oilers zone.
13:30 of 2nd period - Paul Stastny is hit by Erik Cole.
13:45 of 2nd period - Minor Penalty to Eric Brewer for Holding.
13:46 of 2nd period - Jonathan Toews wins face-off versus Erik Christensen in Coyotes zone.
13:54 of 2nd period - Wrist shot by Patrick Kane.
13:54 of 2nd period - Shot Misses the Net.
13:56 of 2nd period - Slapshot by Patrick Kane.
13:56 of 2nd period - Shot Blocked by Erik Christensen.
13:58 of 2nd period - Slapshot by Ilya Kovalchuk.
13:58 of 2nd period - Stopped by Marc Denis with a rebound.
14:00 of 2nd period - Slapshot by Zach Bogosian.
14:00 of 2nd period - Shot Misses the Net.
14:02 of 2nd period - Snap shot by Jonathan Toews.
14:02 of 2nd period - Stopped by Marc Denis with a rebound.
15:45 of 2nd period - Penalty to Eric Brewer is over, Eric Brewer is back on ice.
15:55 of 2nd period - Ted Purcell is hit by Tyler Ennis and loses puck.
17:24 of 2nd period - Minor Penalty to Jonathan Toews for Tripping.
17:25 of 2nd period - Tim Connolly wins face-off versus Peter Regin in Oilers zone.
17:40 of 2nd period - Wrist shot by Tim Connolly.
17:40 of 2nd period - Shot Misses the Net.
18:04 of 2nd period - Snap shot by Nazem Kadri.
18:04 of 2nd period - Stopped by Sebastien Caron with a rebound.
18:06 of 2nd period - Slapshot by Eric Brewer.
18:06 of 2nd period - Stopped by Sebastien Caron with a rebound.
18:46 of 2nd period - Brian Sutherby is hit by Kyle Okposo and loses puck.
19:24 of 2nd period - Penalty to Jonathan Toews is over, Jonathan Toews is back on ice.
Goals for this period are 0 for Coyotes vs 2 for Oilers.
Shots for this period are 12 for Coyotes vs 5 for Oilers.

3rd period


0:01 of 3rd period - Jonathan Toews wins face-off versus Marian Gaborik in neutral zone.
1:00 of 3rd period - Snap shot by Chad Larose.
1:00 of 3rd period - Goal by Chad Larose - Coyotes : 3 - Oilers : 4.
1:01 of 3rd period - Tim Connolly wins face-off versus Jonathan Toews in neutral zone.
1:14 of 3rd period - Wrist shot by Marian Gaborik.
1:14 of 3rd period - Stopped by Sebastien Caron without a rebound.
1:14 of 3rd period - Minor Penalty to Sebastien Caron for Slashing.
1:15 of 3rd period - Marian Gaborik wins face-off versus Peter Regin in Oilers zone.
1:20 of 3rd period - Snap shot by Marian Gaborik.
1:20 of 3rd period - Stopped by Sebastien Caron with a rebound.
1:37 of 3rd period - Minor Penalty to Tim Connolly for Interference.
1:38 of 3rd period - Paul Stastny wins face-off versus Sergei Samsonov in Coyotes zone.
1:51 of 3rd period - Snap shot by Patrick Kane.
1:51 of 3rd period - Stopped by Marc Denis without a rebound.
1:52 of 3rd period - Marian Gaborik wins face-off versus Jonathan Toews in Coyotes zone.
1:57 of 3rd period - Slapshot by Wade Redden.
1:57 of 3rd period - Deflect By Kurt Sauer.
1:57 of 3rd period - Stopped by Sebastien Caron without a rebound.
1:58 of 3rd period - Sergei Samsonov wins face-off versus Jonathan Toews in Oilers zone.
2:25 of 3rd period - Slapshot by Danny Richmond.
2:25 of 3rd period - Shot Blocked by Josh Gorges.
2:46 of 3rd period - Off-side.
2:47 of 3rd period - Jonathan Toews wins face-off versus Sergei Samsonov in neutral zone.
3:14 of 3rd period - Penalty to Ilya Kovalchuk is over, Ilya Kovalchuk is back on ice.
3:17 of 3rd period - Ilya Kovalchuk is hit by Marian Gaborik.
3:37 of 3rd period - Penalty to Tim Connolly is over, Tim Connolly is back on ice.
3:39 of 3rd period - Slapshot by Ilya Kovalchuk.
3:39 of 3rd period - Stopped by Marc Denis without a rebound.
3:40 of 3rd period - Nazem Kadri wins face-off versus Peter Regin in Coyotes zone.
3:40 of 3rd period - Nazem Kadri is hit by Oleg Saprykin.
4:02 of 3rd period - Minor Penalty to Anton Stralman for Hooking.
4:03 of 3rd period - Jonathan Toews wins face-off versus Erik Christensen in Coyotes zone.
4:14 of 3rd period - Snap shot by Ilya Kovalchuk.
4:14 of 3rd period - Deflect By Patrick Kane.
4:14 of 3rd period - Shot Misses the Net.
4:14 of 3rd period - Puck is out of play.
4:15 of 3rd period - Ilya Kovalchuk wins face-off versus Erik Christensen in Coyotes zone.
4:16 of 3rd period - Wrist shot by Patrick Kane.
4:16 of 3rd period - Stopped by Marc Denis without a rebound.
4:17 of 3rd period - Erik Christensen wins face-off versus Jonathan Toews in Coyotes zone.
5:46 of 3rd period - Patrick Kane is hit by Erik Cole and loses puck.
5:53 of 3rd period - Erik Cole is hit by Stephane Robidas and loses puck.
6:02 of 3rd period - Penalty to Anton Stralman is over, Anton Stralman is back on ice.
6:31 of 3rd period - Slapshot by Stephane Robidas.
6:31 of 3rd period - Stopped by Marc Denis with a rebound.
6:33 of 3rd period - Snap shot by Brian Sutherby.
6:33 of 3rd period - Shot Blocked by Josh Gorges.
6:35 of 3rd period - Snap shot by Brian Sutherby.
6:35 of 3rd period - Stopped by Marc Denis with a rebound.
6:55 of 3rd period - Snap shot by Nazem Kadri.
6:55 of 3rd period - Shot Misses the Net.
6:57 of 3rd period - Slapshot by Josh Gorges.
6:57 of 3rd period - Stopped by Sebastien Caron without a rebound.
6:58 of 3rd period - Paul Stastny wins face-off versus Nazem Kadri in Oilers zone.
7:21 of 3rd period - Peter Regin is hit by Tyler Ennis and loses puck.
8:29 of 3rd period - Erik Cole is hit by Paul Stastny and loses puck.
9:28 of 3rd period - Eric Brewer is hit by Steve Begin and loses puck.
9:41 of 3rd period - Minor Penalty to Steve Begin for Interference.
9:42 of 3rd period - Tim Connolly wins face-off versus Peter Regin in Oilers zone.
9:49 of 3rd period - Snap shot by Marian Gaborik.
9:49 of 3rd period - Stopped by Sebastien Caron with a rebound.
9:51 of 3rd period - Slapshot by Josh Gorges.
9:51 of 3rd period - Deflect By Ilya Kovalchuk.
9:51 of 3rd period - Goal by Josh Gorges - Coyotes : 4 - Oilers : 4.
9:52 of 3rd period - Tim Connolly wins face-off versus Jonathan Toews in neutral zone.
9:57 of 3rd period - Slapshot by Wade Redden.
9:57 of 3rd period - Stopped by Sebastien Caron without a rebound.
9:58 of 3rd period - Tim Connolly wins face-off versus Jonathan Toews in Oilers zone.
9:59 of 3rd period - Slapshot by Marian Gaborik.
9:59 of 3rd period - Deflect By Tyler Ennis.
9:59 of 3rd period - Shot Misses the Net.
9:59 of 3rd period - Puck is out of play.
10:00 of 3rd period - Tim Connolly wins face-off versus Patrick Kaleta in Oilers zone.
10:09 of 3rd period - David Hale is hit by Tyler Ennis.
10:29 of 3rd period - Paul Stastny is hit by Erik Cole and loses puck.
11:35 of 3rd period - Tim Connolly is hit by Wayne Simmonds and loses puck.
12:02 of 3rd period - Wrist shot by Nazem Kadri.
12:02 of 3rd period - Stopped by Sebastien Caron with a rebound.
12:04 of 3rd period - Slapshot by Matt Taormina.
12:04 of 3rd period - Shot Misses the Net.
12:36 of 3rd period - Snap shot by Éric Belanger.
12:36 of 3rd period - Stopped by Sebastien Caron with a rebound.
12:58 of 3rd period - Snap shot by Oleg Saprykin.
12:58 of 3rd period - Stopped by Marc Denis without a rebound.
12:59 of 3rd period - Peter Regin wins face-off versus Tim Connolly in Coyotes zone.
13:26 of 3rd period - Ted Purcell is hit by Josh Gorges and loses puck.
14:05 of 3rd period - Snap shot by Ted Purcell.
14:05 of 3rd period - Stopped by Marc Denis with a rebound.
14:43 of 3rd period - Slapshot by Ilya Kovalchuk.
14:43 of 3rd period - Stopped by Marc Denis with a rebound.
14:45 of 3rd period - Backhand shot by Patrick Kaleta.
14:45 of 3rd period - Shot Misses the Net.
14:47 of 3rd period - Slapshot by Patrick Kaleta.
14:47 of 3rd period - Shot Misses the Net.
15:13 of 3rd period - Erik Christensen is hit by Steve Begin and loses puck.
15:27 of 3rd period - Minor Penalty to Tomas Fleischmann for High sticking.
15:28 of 3rd period - Tim Connolly wins face-off versus Brian Sutherby in Oilers zone.
15:36 of 3rd period - Wrist shot by Marian Gaborik.
15:36 of 3rd period - Shot Misses the Net.
15:38 of 3rd period - Slapshot by Wade Redden.
15:38 of 3rd period - Deflect By Danny Richmond.
15:38 of 3rd period - Coyotes goal is going for a video replay.
15:38 of 3rd period - The goal is refused. The puck has been kicked using a distinct kicking motion..
15:39 of 3rd period - Peter Regin wins face-off versus Tim Connolly in Oilers zone.
16:28 of 3rd period - Minor Penalty to Eric Brewer for Hooking.
16:29 of 3rd period - Tim Connolly wins face-off versus Paul Stastny in Coyotes zone.
16:31 of 3rd period - Icing by Wade Redden.
16:32 of 3rd period - Patrick Kane wins face-off versus Tim Connolly in Coyotes zone.
16:33 of 3rd period - Wrist shot by Paul Stastny.
16:33 of 3rd period - Goal by Paul Stastny - Coyotes : 4 - Oilers : 5.
16:34 of 3rd period - Paul Stastny wins face-off versus Tim Connolly in neutral zone.
17:27 of 3rd period - Penalty to Tomas Fleischmann is over, Tomas Fleischmann is back on ice.
17:34 of 3rd period - Slapshot by Erik Christensen.
17:34 of 3rd period - Stopped by Sebastien Caron without a rebound.
17:35 of 3rd period - Jonathan Toews wins face-off versus Erik Christensen in Oilers zone.
17:35 of 3rd period - Jonathan Toews is hit by Erik Christensen.
17:41 of 3rd period - Josh Gorges is hit by Patrick Kane and loses puck.
18:00 of 3rd period - Josh Gorges is hit by Paul Stastny and loses puck.
18:28 of 3rd period - Penalty to Eric Brewer is over, Eric Brewer is back on ice.
18:57 of 3rd period - Coyotes, Marc Denis is pulled from the net.
19:32 of 3rd period - Wrist shot by Ilya Kovalchuk.
19:32 of 3rd period - Shot Misses the Net.
19:36 of 3rd period - Wrist shot by Patrick Kane.
19:36 of 3rd period - Goal by Patrick Kane - Coyotes : 4 - Oilers : 6.
19:36 of 3rd period - Marc Denis from Coyotes was sent back in the game.
19:37 of 3rd period - Tim Connolly wins face-off versus Brian Sutherby in neutral zone.
Goals for this period are 2 for Coyotes vs 2 for Oilers.
Shots for this period are 12 for Coyotes vs 10 for Oilers.